 Dungeon Crawl Stone Soup version 0.31-a0-845-g9abc20d24f (webtiles) character file.

Game seed: 11891865779964238165

18 Ethylacetat the Changeling (level 2, -3/18 HPs)
             Began as an Octopode Shapeshifter on Oct 2, 2023.
             Slain by a goblin
             ... wielding a +0 dagger
             ... led by Robin
              (5 damage)
             ... on level 2 of the Dungeon.
             The game lasted 00:01:01 (641 turns).

Ethylacetat the Changeling (Octopode Shapeshifter)   Turns: 641, Time: 00:01:02

Health: -3/18      AC:  1    Str: 13    XL:     2   Next: 66%
Magic:  2/2        EV: 13    Int: 12    God:
Gold:   65         SH:  0    Dex: 11    Spells: 1/1 levels left

rFire   . . .        e - +2 dagger (venom)
rCold   . . .        (no shield)
rNeg    . . .        (helmet currently unavailable)
rPois   .            (no amulet)
rElec   .            (no ring)
rCorr   .            (no ring)
SInv    .            (no ring)
Will    .....        (no ring)
Stlth   ++           (no ring)
HPRegen 0.23/turn    (no ring)
MPRegen 0.08/turn    (no ring)
                     (no ring)

%: no passive effects
@: beast-form
A: beast (slay +1), almost no armour, amphibious, 8 rings, camouflage 1,
gelatinous body 1, (nimble swimmer 1), tentacles
a: Begin Untransformation


You were on level 2 of the Dungeon.
You were a hulking beast.
You visited 1 branch of the dungeon, and saw 2 of its levels.

You collected 65 gold pieces.

Inventory:

Hand Weapons
 e - a +2 dagger of venom (weapon)
Talismans
 b - a beast talisman (active)
 c - a flux talisman
Wands
 i - a wand of quicksilver (4)
Scrolls
 g - a scroll of fog {unknown}
Potions
 a - 2 potions of lignification
 d - a potion of invisibility {unknown}
 f - a potion of ambrosia {unknown}
 h - a potion of heal wounds {unknown}


   Skills:
 + Level 1.3 Fighting
 + Level 0.3 Short Blades
 + Level 2.2 Dodging
 + Level 0.9 Stealth
 - Level 3.0 Unarmed Combat
 * Level 3.3 Shapeshifting


You had one spell level left.
You didn't know any spells.
Your spell library was empty.

Dungeon Overview and Level Annotations

Branches:
Dungeon (2/15)

Altars:

Shops:
D:1 *

Annotations:
D:2 Robin


Innate Abilities, Weirdness & Mutations

You are a hulking beast.
Your limbs bulge with bestial killing power. (Slay +1)
You cannot wear most types of armour.
You are amphibious.
You can wear up to eight rings at the same time.
Your skin changes colour to match your surroundings (Stealth+).
Your rubbery body absorbs attacks. (AC +1, EV +1)
((You are camouflaged when in or above water. (Stealth+)))
You have tentacles for arms and can constrict up to eight enemies at once.


Message History

You kill the kobold!
Robin roars a battlecry!
The goblins go into a battle-frenzy!
A goblin comes into view. It is wielding a +0 dagger. x2
A goblin comes into view. It is wielding a +0 club.
Robin throws the goblin at you!
You see here a wand of quicksilver (5).
What are your orders? t - Shout!
Orders for allies: a - Attack new target. r - Retreat! s - Stop attacking. g - Guard the area. f - Follow me.
Anything else - Cancel.
Okay, then.
i - a wand of quicksilver (5)
The goblin completely misses you.
You closely miss the goblin. You grab the goblin. You constrict the goblin.
A goblin comes into view. It is wielding a +0 dagger.
The hobgoblin hits you!
Unknown command.
Aiming: Quicksilver Bolt
Press: ? - help, Shift-Dir - straight line, f - Robin
Aim: Robin, wielding a +0 short sword, wearing a +0 animal skin and wearing a +0 helmet (79% to hit)
The bolt of dispelling energy hits the hobgoblin!!
You kill the hobgoblin!
The bolt of dispelling energy hits the quokka!
You kill the quokka!
The bolt of dispelling energy hits the goblin!!
You kill the goblin!
The bolt of dispelling energy hits the goblin!!
You kill the goblin!
The bolt of dispelling energy hits the goblin!
You kill the goblin!
The bolt of dispelling energy hits Robin!
Robin is severely wounded.
The bolt of dispelling energy misses the goblin.
You constrict the goblin. The goblin hits you with a +0 club!
* * * LOW HITPOINT WARNING * * *
Robin throws the goblin at you! The goblin hits you with a +0 dagger.
You die...

#.# #.#######
#.......#
####.......#
............# .
######......# ..
##......######. ...
........g........[...
####.....h######.....
.........gg..(......
###########)g)....#
#.g.....+ #..)....#
#...g...# #ggg....#
#.......# #gg.....#


You could see Robin and 5 goblins.

Vanquished Creatures
  A dart slug (D:1)
  An endoplasm (D:2)
  A giant cockroach (D:2)
  5 goblins
  4 hobgoblins
  2 jackals (D:1)
  2 quokkas
  A bat (D:2)
  A kobold (D:2)
18 creatures vanquished.

Notes
Turn   | Place    | Note
-------+----------+-------------------------------------------
     0 | D:1      | Ethylacetat the Octopode Shapeshifter began the quest for
                  | the Orb.
     0 | D:1      | Reached XP level 1. HP: 13/13 MP: 1/1
    11 | D:1      | Noticed a demonspawn zombie
    17 | D:1      | Noticed a minotaur zombie
   167 | D:1      | Found Yvaigeust's Assorted Antiques.
   184 | D:1      | Reached XP level 2. HP: 18/18 MP: 2/2
   632 | D:2      | Noticed Robin
   641 | D:2      | Slain by a goblin

Illustrated notes

Levels and vault maps discovered:
D:1:      shiori_arrival_whats_in_store_for_you, layout_rooms, serial_shops,
          shop, hex_intersection
D:2:      layout_basic, uniq_robin, uniq_terence

Action                     || total
---------------------------++-------
  Melee: Unarmed           ||     4
         Dagger            ||    15
         Constrict         ||     7
         Tentacles         ||     3
  Evoke: Wand              ||     1
   Stab: Sleeping          ||     3
 Armour: Skin              ||     8
  Dodge: Dodged            ||    10

Table legend: (Time is in decaauts)
 A = Elapsed time spent in this place.
 B = Non-inter-level travel time spent in this place.
 C = Inter-level travel time spent in this place.
 D = Time resting spent in this place.
 E = Time spent auto-exploring this place.
 F = Levels seen in this place.
 G = Mean time per level.
                   A        B        C        D        E       F      G
               +--------+--------+--------+--------+--------+-----+--------+
         Total |    639 |    614 |     25 |      0 |    529 |   2 |  319.5 |
       Dungeon |    639 |    614 |     25 |      0 |    529 |   2 |  319.5 |
               +--------+--------+--------+--------+--------+-----+--------+

Top non-repeatable levels by time:
     D:1: 549 daAuts
     D:2: 90 daAuts
